 Dungeon Crawl Stone Soup version 0.30.0-3-ga4e48a9924 (webtiles) character file.

Game seed: 8886419521206194622

6111 marchhare343 the Covert (level 10, -1/44 HPs)
             Began as a Spriggan Enchanter on May 8, 2023.
             Was a Believer of Dithmenos.
             Slain by a boulder beetle (45 damage)
             ... on level 10 of the Dungeon.
             The game lasted 01:26:44 (9556 turns).

marchhare343 the Covert (Spriggan Enchanter)        Turns: 9556, Time: 01:26:44

Health: -1/44      AC:  4    Str:  4    XL:     10   Next: 58%
Magic:  25/33      EV: 20    Int: 22    God:    Dithmenos [**....]
Gold:   614        SH:  0    Dex: 15    Spells: 10/27 levels left

rFire   . . .        F - +2 dagger (drain)
rCold   + . .        (no shield)
rNeg    . . .        G - +0 troll leather armour
rPois   .            (helmet restricted)
rElec   .            (no cloak)
rCorr   .            (gloves unavailable)
SInv    +            (boots unavailable)
Will    ++...        (no amulet)
Stlth   ++++++       o - ring of magical power
HPRegen 1.07/turn    i - ring of willpower
MPRegen 0.23/turn

%: clarity
@: wreathed by umbra, very quick
A: very small, no large weapons, unfitting armour, see invisible, speed 3,
clarity, cold resistance 1
a: Renounce Religion, Shadow Step


You were on level 10 of the Dungeon.
You worshipped Dithmenos.
Dithmenos was pleased with you.
You visited 2 branches of the dungeon, and saw 11 of its levels.

You collected 614 gold pieces.

Inventory:

Hand Weapons
 a - a +2 dagger
 k - a +2 dagger of venom
 u - a +1 short sword of flaming
 A - a +2 short sword of freezing
 B - a +1 dagger of chaos
 F - a +2 dagger of draining (weapon)
 J - a +5 scimitar of electrocution
Armour
 b - a +2 robe
 t - a +1 robe of fire resistance
 x - the +0 storm dragon scales "Ocvunugh" {rElec Stlth+}
   (You acquired it on level 8 of the Dungeon)

   rElec:     It insulates you from electricity.
   Stlth:     It makes you more stealthy.
 C - a +2 robe
 G - a +0 troll leather armour (worn)
 I - +0 steam dragon scales
Jewellery
 e - a ring of poison resistance
 f - a ring of protection from cold
 i - a ring of willpower (right hand)
 n - a ring of resist corrosion
 o - a ring of magical power (left hand)
 v - a ring of poison resistance
Wands
 y - a wand of mindburst (14)
 D - a wand of quicksilver (9)
 H - a wand of paralysis (9)
 M - a wand of flame (9)
Scrolls
 h - a scroll of magic mapping
 j - a scroll of fog
 r - 5 scrolls of teleportation
 w - a scroll of amnesia
 E - a scroll of blinking
Potions
 c - 2 potions of invisibility
 d - a potion of cancellation
 g - a potion of magic
 l - 3 potions of flight
 m - a potion of brilliance
 p - 4 potions of curing
 q - 2 potions of haste
 s - 2 potions of might
 z - a potion of mutation
 N - a potion of lignification


   Skills:
 + Level 7.9 Short Blades
 + Level 9.7 Dodging
 + Level 12.0 Stealth
 + Level 9.1 Spellcasting
 - Level 8.5 Hexes
 + Level 2.3 Ice Magic


You had 10 spell levels left.
You knew the following spells:

 Your Spells              Type           Power      Damage    Failure   Level
a - Ensorcelled Hibernat  Hex/Ice        68%        N/A       1%          2
b - Dazzling Flash        Conj/Hex       56%        N/A       6%          3
c - Tukima's Dance        Hex            47%        N/A       1%          3
d - Confusing Touch       Hex            47%        N/A       1%          3
e - Ozocubu's Armour      Ice            20%        N/A       14%         3
f - Hailstorm             Conj/Ice       15%        3d5       22%         3

Your spell library contained the following spells:

 Spells                   Type           Power      Damage    Failure   Level
 Volatile Blastmotes      Fire/Tloc      20%        2d11      34%         3
 Metabolic Englaciation   Hex/Ice        17%        N/A       34%         5
 Ice Form                 Ice/Tmut       15%        N/A       58%         4
 Iskenderun's Mystic Bla  Conj/Tloc      10%        2d4       75%         4
 Simulacrum               Ice/Necr       7%         N/A       100%        6
 Starburst                Conj/Fire      5%         6d4       100%        6
 Ozocubu's Refrigeration  Ice            10%        4d9       100%        7


Dungeon Overview and Level Annotations

Branches:
Dungeon (10/15)            Temple (1/1) D:6
   Lair: D:8-11         Orc: D:9-12

Altars:
Cheibriados
Dithmenos
Elyvilon
Fedhas
Gozag
Hepliaklqana
Kikubaaqudgha
Makhleb
Nemelex Xobeh
Okawaru
Qazlal
Ru
Sif Muna
Trog
Uskayaw
Vehumet
Wu Jian
Xom
Yredelemnul
The Shining One

Shops:
D:2 *   D:3 *((?   D:9 ?   D:10 =(

Annotations:
D:5 2 transporters, Mangosteen's ghost, amateur GnHW
D:9 Gastronok


Innate Abilities, Weirdness & Mutations

You are very small and have problems with some larger weapons.
You are too small for most types of armour.
You have supernaturally acute eyesight. (SInv)
You cover ground extremely quickly. (Speed+++)
You possess an exceptional clarity of mind.
Your flesh is cold resistant. (rC+)


Message History

Confirm with . or Enter, or press ? or * to list all spells.
Aiming: Ensorcelled Hibernation (safe; 1% risk of failure)
Press: ? - help, Shift-Dir - straight line, f/p - boulder beetle
Aim: a boulder beetle (umbra, chance to affect: 45%)
The boulder beetle resists with some effort.
Found Ryutoqyo's Jewellery Emporium.
The boulder beetle curls into a ball and begins rolling!
Casting: Ensorcelled Hibernation (safe; 1% risk of failure)
Confirm with . or Enter, or press ? or * to list all spells.
Aiming: Ensorcelled Hibernation (safe; 1% risk of failure)
Press: ? - help, Shift-Dir - straight line, f/p - boulder beetle
Aim: a boulder beetle (rolling, umbra, chance to affect: 45%)
The boulder beetle resists with some effort.
The boulder beetle attacks as you move away!
The boulder beetle misses you.
The boulder beetle stops rolling and uncurls.
Found Qyskaq's Weapon Emporium.
The boulder beetle curls into a ball and begins rolling!
Press: ? - help, v - describe, . - travel The floor.
This square is wreathed by an umbra.
Casting: Ensorcelled Hibernation (safe; 1% risk of failure)
Confirm with . or Enter, or press ? or * to list all spells.
Casting: Dazzling Flash (dangerous; 6% risk of failure)
Press: ? - help, Dir - look around, f - activate The yak is dazzled.
The yak bellows!
The boulder beetle misses you.
The boulder beetle stops rolling and uncurls.
Casting: Dazzling Flash (dangerous; 6% risk of failure)
Confirm with . or Enter, or press ? or * to list all spells.
Aiming: Ensorcelled Hibernation (safe; 1% risk of failure)
Press: ? - help, Shift-Dir - straight line, f - boulder beetle
Aim: a boulder beetle (umbra, chance to affect: 45%)
The boulder beetle resists with some effort.
The boulder beetle curls into a ball and begins rolling!
The boulder beetle attacks as you move away!
The boulder beetle hits you!!!
Ouch! That really hurt!
You die...

#.....Y.Y.#..###
##.##.....#..#
########.##°....#..#
#........Y.°.......#
#........##°##..######
#........##.##..###...
#........°°.##........
#....(..°#####..###...
#....@B°.#####.## ####
#....<.......### #
############## # # # #
# #


You could see a boulder beetle (rolling) and a yak.

Vanquished Creatures
  Maurice (D:9)
  Maggie (D:9)
  Psyche (D:8)
  A kobold demonologist (D:9)
  A hornet (D:9)
  2 trolls
  Sigmund (D:5)
  A shadow (D:8)
  Eustachio (D:4)
  A wraith (D:9)
  2 yaks (D:10)
  A steam dragon (D:9)
  Grum (D:8)
  3 water moccasins
  An ice beast (D:8)
  2 orc warriors
  A sky beast (D:4)
  A black bear (D:7)
  4 wolves (D:8)
  A centaur (D:9)
  A phantom (D:7)
  2 kobold brigands (D:9)
  2 bullfrogs
  A gnoll sergeant (D:9)
  3 scorpions
  A wight (D:8)
  5 killer bees (D:9)
  3 howler monkeys
  2 orc priests
  5 jellies
  5 hounds
  Ijyb (D:3)
  3 iguanas
  A sleepcap (D:6)
  Natasha (thrice) (D:4)
  2 orc wizards (D:8)
  7 gnolls
  8 adders
  A shadow imp (D:6)
  2 white imps
  An ufetubus (D:5)
  2 worms
  20 orcs
  5 endoplasms
  2 giant cockroaches
  7 goblins
  9 hobgoblins
  4 jackals (D:1)
  8 quokkas
  3 ball pythons
  6 bats
  2 frilled lizards (D:2)
  19 kobolds
  A rat (D:2)
175 creatures vanquished.

Vanquished Creatures (collateral kills)
  3 wights (D:8)
  An orc priest (D:8)
  6 orcs
10 creatures vanquished.

Vanquished Creatures (others)
  A dancing weapon (D:8)
1 creature vanquished.

Grand Total: 186 creatures vanquished

Notes
Turn   | Place    | Note
-------+----------+-------------------------------------------
     0 | D:1      | marchhare343 the Spriggan Enchanter began the quest for the
                  | Orb.
     0 | D:1      | Reached XP level 1. HP: 9/9 MP: 5/5
   155 | D:1      | Reached XP level 2. HP: 13/13 MP: 6/6
   237 | D:1      | Learned a level 2 spell: Ensorcelled Hibernation
   974 | D:2      | Found Oredaev's General Store.
  1030 | D:2      | Reached XP level 3. HP: 13/16 MP: 8/8
  1034 | D:2      | Learned a level 3 spell: Dazzling Flash
  1038 | D:2      | Learned a level 3 spell: Tukima's Dance
  1228 | D:2      | Reached skill level 5 in Stealth
  1380 | D:2      | Found a blossoming altar of Fedhas.
  1680 | D:3      | Found Befop's Antique Weapon Shoppe.
  1692 | D:3      | Found Next's Antique Weapon Shoppe.
  1709 | D:3      | Found a faded altar of an unknown god.
  1736 | D:3      | Found a hazy altar of Hepliaklqana.
  1779 | D:3      | Found Xeotini's General Store.
  1919 | D:2      | Reached XP level 4. HP: 18/21 MP: 7/10
  2204 | D:3      | Found Rivvutah's Magic Scroll Emporium.
  2490 | D:4      | Noticed Natasha
  2493 | D:4      | Noticed a sky beast
  2563 | D:4      | Killed Natasha
  2564 | D:4      | Reached XP level 5. HP: 14/24 MP: 11/11
  2568 | D:4      | Learned a level 3 spell: Confusing Touch
  2735 | D:4      | Killed a sky beast
  2736 | D:4      | Reached skill level 6 in Stealth
  2736 | D:4      | Reached XP level 6. HP: 28/28 MP: 0/13
  2878 | D:4      | Noticed Ijyb
  2956 | D:4      | Paralysed by Ijyb for 3 turns
  3004 | D:3      | Killed Ijyb
  3005 | D:3      | Reached skill level 5 in Hexes
  3208 | D:4      | Found an iron altar of Okawaru.
  3300 | D:4      | Noticed Natasha
  3305 | D:4      | Killed Natasha
  3339 | D:4      | Noticed a fire elemental
  3344 | D:4      | Noticed Natasha
  3352 | D:4      | Killed Natasha
  3433 | D:4      | Noticed Eustachio
  3472 | D:4      | Noticed a water elemental
  3474 | D:4      | Killed Eustachio
  3475 | D:4      | Reached skill level 5 in Dodging
  3475 | D:4      | Reached XP level 7. HP: 23/32 MP: 9/15
  3495 | D:4      | Reached skill level 7 in Stealth
  3495 | D:4      | Reached skill level 5 in Spellcasting
  3574 | D:4      | Found a stormy altar of Qazlal.
  3575 | D:4      | Noticed an air elemental
  3621 | D:4      | Found a glowing golden altar of the Shining One.
  3668 | D:4      | Learned a level 3 spell: Ozocubu's Armour
  3708 | D:5      | Entered Level 5 of the Dungeon
  3750 | D:5      | Found a transporter.
  3750 | D:5      | Found a transporter.
  3750 | D:5      | Noticed Mangosteen's ghost (amateur GnHW)
  3750 | D:5      | Noticed Sigmund
  3752 | D:5      | Killed Sigmund
  4686 | D:5      | Gained mutation: Your muscles are strong. (Str +4, Int/Dex
                  | -1) [potion of mutation]
  4687 | D:5      | Lost mutation: Your muscles are strong. (Str +4, Int/Dex
                  | -1) [potion of mutation]
  4687 | D:5      | Gained mutation: You sometimes lose your temper in combat.
                  | [potion of mutation]
  4687 | D:5      | Gained mutation: Your flesh is cold resistant. (rC+)
                  | [potion of mutation]
  4687 | D:5      | Gained mutation: You occasionally lose the ability to read
                  | scrolls when taking damage. [potion of mutation]
  4687 | D:5      | Gained mutation: Your muscles are strong. (Str +4, Int/Dex
                  | -1) [potion of mutation]
  4739 | D:6      | Reached XP level 8. HP: 34/36 MP: 17/17
  4777 | D:6      | Lost mutation: You sometimes lose your temper in combat.
                  | [potion of mutation]
  4777 | D:6      | Lost mutation: You occasionally lose the ability to read
                  | scrolls when taking damage. [potion of mutation]
  4777 | D:6      | Lost mutation: Your muscles are strong. (Str +4, Int/Dex
                  | -1) [potion of mutation]
  4777 | D:6      | Gained mutation: You possess an exceptional clarity of
                  | mind. [potion of mutation]
  4906 | D:6      | Reached skill level 8 in Stealth
  5113 | D:6      | Found a staircase to the Ecumenical Temple.
  5143 | Temple   | Entered the Ecumenical Temple
  5151 | Temple   | Became a worshipper of Dithmenos the Shadowed
  5515 | D:7      | Reached skill level 5 in Short Blades
  6186 | D:7      | Reached skill level 9 in Stealth
  6379 | D:7      | Identified the +5 war axe "Kaota" {heavy, +Blink rF- Int+6
                  | Dex+3}
  6630 | D:8      | Found a shimmering blue altar of Sif Muna.
  6665 | D:8      | Found a shimmering altar of Xom.
  6816 | D:8      | Reached XP level 9. HP: 39/39 MP: 20/20
  6820 | D:8      | Reached * piety under Dithmenos
  7125 | D:8      | Noticed Psyche
  7132 | D:8      | Killed Psyche
  7160 | D:8      | Noticed Grum
  7218 | D:8      | Reached skill level 10 in Stealth
  7600 | D:8      | Killed Grum
  7781 | D:8      | Found a sparkling altar of Nemelex Xobeh.
  8041 | D:9      | Noticed Gastronok
  8043 | D:9      | Noticed a troll
  8186 | D:8      | Killed a troll
  8474 | D:9      | Reached XP level 10. HP: 44/44 MP: 23/23
  8497 | D:9      | Learned a level 3 spell: Hailstorm
  8565 | D:9      | Noticed Maggie
  8589 | D:9      | Killed Maggie
  8590 | D:9      | Reached skill level 11 in Stealth
  8633 | D:9      | Reached ** piety under Dithmenos
  8634 | D:9      | Reached skill level 1 in Ice Magic
  8656 | D:9      | Noticed Maurice
  8696 | D:9      | Killed Maurice
  8835 | D:9      | Found Empafem's Magic Scroll Emporium.
  8969 | D:9      | Noticed a smoke demon
  9411 | D:8      | Identified a scroll of acquirement
  9411 | D:8      | Acquired the +0 storm dragon scales "Ocvunugh" {rElec
                  | Stlth+}
  9464 | D:10     | Entered Level 10 of the Dungeon
  9506 | D:10     | Noticed a boulder beetle
  9515 | D:10     | Reached skill level 12 in Stealth
  9536 | D:10     | Found Ryutoqyo's Jewellery Emporium.
  9539 | D:10     | Found Qyskaq's Weapon Emporium.
  9556 | D:10     | Slain by a boulder beetle

Illustrated notes

Levels and vault maps discovered:
D:1:      lightli_molten_gateway, layout_basic
D:2:      layout_rooms, basic_altar, serial_shops, shop, guppyfry_early_orc_mine
D:3:      layout_loops_cross, old_standard_altar,
          shapermc_ecumenical_altar_venn, serial_shops,
          nicolae_shop_pleasant_corner_grove, nicolae_shop_behind_doors,
          nicolae_shop_trees, shop, minmay_vboxes
D:4:      layout_basic, lemuel_round_altar, okawaru_altar_gauntlet_db,
          nicolae_qazlal_style_of_elements, uniq_natasha, uniq_eustachio,
          uniq_ijyb
D:5:      layout_loops_cross, gammafunk_ghost_hive, uniq_sigmund
D:6:      layout_cave_pools, temple_pool_b, serial_column_ruins,
          column_ruins_hut_ruined, column_ruins_corridor_straight,
          column_ruins_corridor_corner, column_ruins_open_small,
          column_ruins_grid_2, column_ruins_columns_straight,
          column_ruins_corridor_corner, st_stairs_3
D:7:      layout_basic, chequers_serial_rivers_large_b
D:8:      layout_basic, nicolae_overflow_hidden_temple,
          mainiacjoe_overflow_catwalk_spiral, serial_curves, eino_curves_03,
          eino_curves_04, eino_curves_02, eino_curves_03, uniq_grum, uniq_psyche
D:9:      layout_basic, serial_shops, shop, minmay_crystal_room, uniq_maggie,
          uniq_maurice, uniq_gastronok
D:10:     layout_loops_cross, zin_treasury, mainiacjoe_overflow_surrounded_room,
          david_lair_generic, nicolae_shop_distant_corner_stores,
          guppyfry_shop_venom
Temple:   cyrus_circular_temple

Skill      XL: |  1  2  3  4  5  6  7  8  9 10 |
---------------+-------------------------------+-----
Dodging        | 3 4 5 7 8 9 |  9.7
Spellcasting   | 3 4 5 6 8 9 |  9.1
Hexes          | 4 5 6 7 8 |  8.5
Stealth        | 5 6 7 9 10 12 | 12.0
Short Blades   | 2 3 4 5 7 |  7.9
Ice Magic      | 2 |  2.3

Action                     |  1- 3 |  4- 6 |  7- 9 | 10-12 || total
---------------------------+-------+-------+-------+-------++-------
  Melee: Dagger            |   137 |   137 |   215 |    99 ||   588
         Punch             |     2 |     1 |     6 |       ||     9
         Short sword       |       |       |    15 |       ||    15
   Cast: Ensorcelled Hiber |     5 |    25 |    48 |    15 ||    93
         Tukima's Dance    |       |       |    15 |     1 ||    16
         Confusing Touch   |       |       |     8 |     3 ||    11
         Dazzling Flash    |       |       |     1 |     9 ||    10
  Evoke: Wand              |       |       |     2 |     1 ||     3
    Use: Scroll            |     6 |     3 |     9 |     3 ||    21
         Potion            |     2 |       |     4 |       ||     6
   Stab: Sleeping          |    20 |    13 |    36 |     9 ||    78
         Distracted        |     1 |     1 |     1 |       ||     3
         Confused          |       |       |     6 |     2 ||     8
         Invisible         |       |       |       |     4 ||     4
 Armour: Robe              |     4 |    17 |     9 |       ||    30
         Troll leather arm |       |       |     4 |     6 ||    10
  Dodge: Dodged            |    90 |   128 |   129 |   129 ||   476
